Map: Catalyst LE

Players

Drone - Winner!

  • Race: Zerg Zerg
  • League: Diamond
  • Spawn Location: 11:00

Sickneel

  • Race: Protoss Protoss
  • League: Diamond
  • Spawn Location: 5:00

VOD

Have the link to the VOD?

Description

Time

  • Played on: March 18, 2018, 4:06 p.m.
  • Length: 10:49
Show
View Real Time Build Order
Export as new Build Order

Drone Zerg - Winner!

Build Orders: Hatch First, Lurkers 

Get SALT Encoding   

  12  0:00  Drone  
  13  0:12  Overlord  
  13  0:17  Drone  
  14  0:31  Drone x2  
  16  0:50  Hatchery  
  16  0:53  Drone  
  16  0:56  Drone  
  17  1:00  Drone  
  18  1:07  Extractor  
  17  1:16  Spawning Pool  
  16  1:19  Drone  
  16  1:22  Drone  
  18  1:28  Drone  
  19  1:40  Overlord  
  19  1:49  Drone  
  20  2:02  Queen  
  20  2:04  Zergling x4, Queen  
  26  2:12  Metabolic Boost  
  26  2:14  Drone  
  26  2:15  Drone  
  28  2:22  Drone  
  29  2:26  Drone  
  30  2:41  Hatchery  
  30  2:44  Drone  
  30  2:49  Queen  
  32  2:54  Overlord  
  32  2:56  Drone  
  32  2:58  Drone  
  34  3:03  Drone x2  
  37  3:12  Zergling x2  
  37  3:13  Zergling x2  
  37  3:17  Zergling x2  
  37  3:19  Drone x2  
  41  3:20  Drone  
  41  3:21  Overlord  
  41  3:23  Drone  
  43  3:30  Drone  
  44  3:43  Drone x4  
  44  3:48  Overlord x2  
  48  3:59  Drone x4  
  48  4:00  Drone x2  
  54  4:04  Extractor, Lair  
  54  4:05  Extractor  
  54  4:08  Evolution Chamber, Queen  
  53  4:17  Spore Crawler  
  53  4:21  Spore Crawler  
  53  4:24  Zergling x10  
  53  4:25  Zergling x2  
  57  4:31  Roach Warren  
  57  4:32  Drone x2  
  57  4:34  Drone x2  
  57  4:35  Drone  
  57  4:36  Extractor  
  60  4:43  Drone  
  60  4:44  Drone x4  
  60  4:45  Drone  
  66  4:47  Drone  
  64  5:03  Drone x3  
  65  5:08  Overlord x2  
  65  5:09  Overlord  
  65  5:24  Drone x2  
  65  5:28  Zerg Missile Weapons Level 1, Glial Reconstitution  
  63  5:30  Drone x5  
  63  5:31  Drone x3  
  71  5:45  Hatchery  
  71  5:49  Drone x3, Extractor x2  
  69  5:51  Drone x3  
  69  5:54  Drone x2  
  69  5:55  Drone x2, Hydralisk Den  
  75  6:07  Roach x5  
  85  6:14  Roach x2  
  85  6:17  Overlord  
  85  6:18  Overlord x3  
  89  6:20  Pneumatized Carapace  
  89  6:36  Roach x6  
  101  6:43  Grooved Spines  
  101  6:44  Roach x4  
  109  6:51  Roach x6  
  121  6:58  Overlord x3  
  120  7:06  Roach  
  120  7:07  Roach x3  
  128  7:17  Drone x4  
  128  7:18  Drone x6  
  128  7:22  Zerg Missile Weapons Level 2  
  138  7:24  Lurker Den  
  137  7:44  Overlord  
  135  7:46  Drone  
  135  7:47  Drone x2, Extractor  
  135  7:48  Drone x2, Extractor  
  135  7:49  Drone  
  135  7:50  Hydralisk  
  135  7:51  Hydralisk  
  141  7:53  Overlord x2  
  141  7:54  Overlord  
  125  8:07  Hydralisk x4  
  125  8:08  Hydralisk x5  
  135  8:18  Hydralisk  
  135  8:19  Hydralisk x9  
  137  8:36  Muscular Augments, Hydralisk  
  137  8:37  Hydralisk x8  
  153  8:47  Hydralisk  
  153  8:48  Hydralisk x5  
  153  8:52  Lurker x2  
  153  8:53  Overlord x2  
  161  9:00  Spore Crawler  
  161  9:02  Spine Crawler  
  159  9:04  Drone, Spine Crawler  
  159  9:05  Drone  
  159  9:08  Infestation Pit, Lurker x3  
  163  9:17  Lurker x2  
  163  9:18  Lurker  
  163  9:22  Overseer  
  163  9:23  Overseer  
  166  9:26  Overlord x2  
  166  9:30  Hatchery  
  165  9:38  Hydralisk  
  165  9:39  Hydralisk x6  
  179  9:54  Hydralisk x6  
  179  9:58  Zergling x2  
  179  9:59  Zergling x12  
  198  10:09  Infestation Pit  
Show
View Real Time Build Order
Export as new Build Order

Sickneel Protoss 

Build Orders: 1 Gate Expand, Oracle Opening 

Get SALT Encoding   

  12  0:00  Probe  
  13  0:13  Probe  
  14  0:20  Pylon  
  14  0:25  Probe  
  15  0:38  Probe (Chrono Boost)  
  15  0:40  Gateway  
  16  0:47  Assimilator  
  17  0:50  Probe (Chrono Boost)  
  17  0:55  Probe (Chrono Boost)  
  18  1:05  Probe  
  19  1:17  Probe  
  20  1:30  Nexus  
  20  1:39  Cybernetics Core  
  20  1:46  Probe  
  21  1:51  Assimilator  
  21  1:56  Pylon  
  21  1:58  Probe (Chrono Boost)  
  22  2:08  Probe (Chrono Boost)  
  23  2:13  Probe (Chrono Boost)  
  24  2:15  Adept (Chrono Boost)  
  24  2:18  Warp Gate  
  26  2:25  Probe  
  27  2:37  Probe  
  27  2:38  Adept (Chrono Boost)  
  27  2:41  Probe  
  30  2:46  Stargate  
  30  2:49  Probe  
  31  2:53  Probe  
  32  3:01  Probe  
  33  3:06  Probe  
  33  3:08  Gateway  
  33  3:11  Adept  
  36  3:13  Probe  
  36  3:18  Probe  
  38  3:21  Pylon  
  38  3:25  Probe  
  39  3:30  Probe  
  40  3:37  Probe  
  40  3:40  Oracle (Chrono Boost)  
  41  3:42  Probe  
  45  3:49  Probe  
  45  3:54  Probe  
  47  4:01  Probe  
  48  4:05  Robotics Facility  
  48  4:06  Probe  
  48  4:07  Twilight Council  
  48  4:09  Phoenix (Chrono Boost)  
  49  4:14  Pylon, Probe  
  52  4:18  Probe  
  53  4:26  Probe  
  53  4:27  Gateway  
  53  4:29  Gateway  
  54  4:32  Probe, Pylon  
  54  4:35  Oracle (Chrono Boost)  
  54  4:38  Probe  
  56  4:45  Probe  
  60  4:51  Zealot  
  62  4:59  Zealot  
  61  5:12  Probe x2  
  62  5:21  Assimilator  
  62  5:24  Assimilator, Probe x2  
  59  5:28  Templar Archives  
  59  5:34  Zealot  
  61  5:36  Probe  
  61  5:44  Probe  
  61  5:48  Probe  
  63  5:55  Charge  
  63  5:56  Probe  
  64  5:57  Observer (Chrono Boost)  
  64  5:58  Nexus  
  64  6:02  Pylon  
  64  6:04  Pylon  
  65  6:10  Pylon, Probe x2  
  67  6:16  Pylon  
  67  6:18  Pylon  
  67  6:19  Pylon  
  67  6:20  Immortal  
  67  6:21  Pylon  
  67  6:22  Probe, Gateway  
  67  6:24  Gateway  
  67  6:25  Psionic Storm  
  72  6:27  Pylon  
  72  6:32  Gateway  
  72  6:34  Probe, Gateway  
  73  6:40  Zealot x2  
  73  6:43  Probe  
  73  6:46  Probe  
  79  7:06  Immortal (Chrono Boost)  
  83  7:12  Zealot x3  
  83  7:13  Zealot  
  83  7:14  Gateway  
  91  7:33  Zealot  
  91  7:34  Zealot x4  
  101  7:43  Stalker x2  
  103  7:45  Immortal (Chrono Boost)  
  103  7:48  Probe x3  
  103  7:50  Assimilator  
  110  7:54  Assimilator  
  104  8:00  Probe  
  99  8:08  Zealot x4  
  99  8:09  Zealot x3  
  89  8:15  Zealot  
  89  8:18  Probe x3  
  92  8:23  Immortal (Chrono Boost)  
  90  8:32  Zealot x4  
  96  8:35  Probe x2  
  96  8:39  Gateway  
  96  8:53  Forge  
  96  8:54  Immortal (Chrono Boost)  
  96  8:57  Forge  
  96  9:02  Probe x3  
  103  9:14  Probe x3  
  106  9:19  High Templar x3  
  106  9:20  High Templar x2  
  106  9:21  High Templar  
  118  9:26  Immortal  
  118  9:30  Photon Cannon  
  122  9:34  High Templar x2, Photon Cannon  
  122  9:35  Shield Battery, High Templar  
  122  9:36  Shield Battery  
  128  9:45  Archon, Nexus  
  125  9:53  Zealot x2  
  125  9:54  Zealot x2  
  125  9:58  Pylon  
  133  10:11  Observer  
  133  10:13  Zealot x6  
  133  10:14  Zealot  
  148  10:19  High Templar  
  128  10:30  Archon  
  128  10:31  Archon  
  128  10:32  Archon  
  128  10:34  Zealot x5  
  128  10:35  Zealot x2  
Tags
 
Add a new tag
Caveats
  • Supply blocks, unpowered buildings, or Contaminate may cause inaccurate times.
  • Supply counts are checked every 10 seconds.